[Event "FTX Road to Miami Prelims 2022"]
[Site "Online"]
[Date "2022.07.04"]
[Round "8.6"]
[White "Wei, Yi"]
[Black "Ju, Wenjun"]
[Result "0-1"]
[ECO "A13"]
[WhiteElo "2727"]
[BlackElo "2560"]
[Annotator "ChessBase"]
[PlyCount "102"]
[EventDate "2022.07.10"]
[EventType "tourn"]
[EventCountry "NET"]
[SourceTitle "playchess.com"]
[Source "ChessBase"]
[SourceQuality "1"]
[TimeControl "40/5400+30:1800+30"]

1. c4 Nf6 2. g3 e6 3. Bg2 d5 4. Nf3 dxc4 5. O-O Nbd7 6. Qc2 Nb6 7. a4 a5 8. Na3 Bxa3 9. Rxa3 O-O 10. e4 Bd7 11. d4 cxd3 12. Rxd3 Nxe4 13. Rd4 Nf6 14. Ne5 Nfd5 15. Rh4 f5 16. b3 Qe7 17. Re1 Rfd8 18. Bb2 Be8 19. Bd4 Rac8 20. Nd3 Bc6 21. Qe2 Nf6 22. Bxc6 bxc6 23. Ne5 Qe8 24. Bc3 Rd5 25. f3 Rcd8 26. g4 h6 27. Qc2 Qe7 28. gxf5 Qc5+ 29. Kh1 exf5 30. Qxf5 Re8 31. Rg1 Rdxe5 32. Bxe5 Rxe5 33. Qd3 Rd5 34. Qe2 Re5 35. Qd2 Qe3 36. Qxe3 Rxe3 37. b4 axb4 38. a5 Nbd5 39. Ra1 c5 40. Rc4 Nd7 41. Re4 Rxf3 42. Re6 b3 43. a6 Rf8 44. Rc6 Nc3 45. Rxc7 b2 46. Rg1 b1=Q 47. Rxb1 Nxb1 48. Rxd7 Ra8 49. a7 Na3 50. Rb7 Kh7 51. Kg2 c4 0-1

[Event "FTX Road to Miami Prelims 2022"]
[Site "Online"]
[Date "2022.07.04"]
[Round "8.7"]
[White "Dominguez Perez, Leinier"]
[Black "Erigaisi Arjun"]
[Result "0-1"]
[ECO "B45"]
[WhiteElo "2754"]
[BlackElo "2689"]
[Annotator "ChessBase"]
[PlyCount "88"]
[EventDate "2022.07.10"]
[EventType "tourn"]
[EventCountry "NET"]
[SourceTitle "playchess.com"]
[Source "ChessBase"]
[SourceQuality "1"]
[TimeControl "40/5400+30:1800+30"]

1. e4 c5 2. Nf3 e6 3. d4 cxd4 4. Nxd4 Nf6 5. Nc3 Nc6 6. Ndb5 Bb4 7. a3 Bxc3+ 8. Nxc3 d5 9. exd5 exd5 10. Bd3 O-O 11. O-O Bg4 12. f3 Bh5 13. Ne2 Qb6+ 14. Kh1 d4 15. Nf4 Bg6 16. Nxg6 hxg6 17. f4 Ne7 18. Qf3 Rfe8 19. Bd2 Nf5 20. a4 a6 21. a5 Qc7 22. Rfe1 Rac8 23. g3 Nd7 24. b4 Nf6 25. Rab1 Nd6 26. Rxe8+ Rxe8 27. Re1 Rd8 28. h4 Nc4 29. Bc1 Nd5 30. f5 Ne5 31. Rxe5 Qxe5 32. Bg5 Qe1+ 33. Kh2 f6 34. Bf4 gxf5 35. Bxf5 Nxf4 36. Qxf4 Qe3 37. Qf1 Qd2+ 38. Kh3 Qxb4 39. Be6+ Kf8 40. Qf5 Qd6 41. Bb3 Qd7 42. Be6 Qb5 43. Qf3 Qc6 44. Qf5 Ke7 0-1

[Event "FTX Road to Miami Prelims 2022"]
[Site "Online"]
[Date "2022.07.04"]
[Round "8.8"]
[White "Duda, Jan-Krzysztof"]
[Black "Mamedyarov, Shakhriyar"]
[Result "1/2-1/2"]
[ECO "C54"]
[WhiteElo "2750"]
[BlackElo "2759"]
[Annotator "ChessBase"]
[PlyCount "83"]
[EventDate "2022.07.10"]
[EventType "tourn"]
[EventCountry "NET"]
[SourceTitle "playchess.com"]
[Source "ChessBase"]
[SourceQuality "1"]
[TimeControl "40/5400+30:1800+30"]

1. e4 e5 2. Nf3 Nc6 3. Bc4 Bc5 4. c3 Nf6 5. d3 O-O 6. O-O d5 7. exd5 Nxd5 8. a4 a5 9. Re1 Bg4 10. Nbd2 Nb6 11. Bb5 Bd6 12. Ne4 Na7 13. h3 Bh5 14. d4 Nxb5 15. axb5 exd4 16. Nxd6 Qxd6 17. Qxd4 Qxd4 18. Nxd4 Bg6 19. f4 f5 20. Kf2 Nd5 21. Kf3 Bf7 22. Re5 g6 23. Bd2 Nb6 24. b3 a4 25. bxa4 Rxa4 26. Rxa4 Nxa4 27. g4 fxg4+ 28. hxg4 Re8 29. Rxe8+ Bxe8 30. f5 gxf5 31. gxf5 Nb6 32. Bf4 Nd5 33. c4 Nb6 34. Bxc7 Nxc4 35. Ke4 b6 36. Kd5 Na3 37. Bxb6 Nxb5 38. Nxb5 Bxb5 39. Ke5 Bd7 40. Be3 h6 41. Bxh6 Bxf5 42. Kxf5 1/2-1/2

[Event "FTX Road to Miami Prelims 2022"]
[Site "Online"]
[Date "2022.07.04"]
[Round "9.1"]
[White "Mamedyarov, Shakhriyar"]
[Black "Niemann, Hans Moke"]
[Result "1/2-1/2"]
[ECO "D50"]
[WhiteElo "2759"]
[BlackElo "2688"]
[Annotator "ChessBase"]
[PlyCount "97"]
[EventDate "2022.07.10"]
[EventType "tourn"]
[EventCountry "NET"]
[SourceTitle "playchess.com"]
[Source "ChessBase"]
[SourceQuality "1"]
[TimeControl "40/5400+30:1800+30"]

1. d4 Nf6 2. c4 e6 3. Nf3 d5 4. Nc3 c5 5. cxd5 cxd4 6. Qxd4 exd5 7. Bg5 Be7 8. e3 O-O 9. Be2 Nc6 10. Qd3 h6 11. Bh4 Qb6 12. O-O Rd8 13. Qb5 Qxb5 14. Nxb5 g5 15. Bg3 Ne4 16. Rad1 Be6 17. Nc7 Rac8 18. Nxe6 fxe6 19. Ne1 Bf6 20. Nd3 Kf7 21. f4 Ke7 22. Be1 b6 23. f5 d4 24. exd4 exf5 25. Bh5 Ke6 26. Bg6 Ne7 27. Bh5 Bxd4+ 28. Kh1 Nd5 29. Bd2 Ne3 30. Bxe3 Bxe3 31. g3 Rc2 32. Bg6 Nd2 33. Bxf5+ Kf6 34. Ne5 Nxf1 35. Bxc2 Nxg3+ 36. hxg3 Rxd1+ 37. Bxd1 Kxe5 38. Kg2 Kd4 39. Bh5 Bc1 40. b3 b5 41. a4 b4 42. g4 a5 43. Bf7 Ke3 44. Kh3 Kf4 45. Bh5 Bd2 46. Be8 Bc1 47. Bh5 Bd2 48. Be8 Bc1 49. Bh5 1/2-1/2

[Event "FTX Road to Miami Prelims 2022"]
[Site "Online"]
[Date "2022.07.04"]
[Round "9.2"]
[White "Erigaisi Arjun"]
[Black "Duda, Jan-Krzysztof"]
[Result "0-1"]
[ECO "E11"]
[WhiteElo "2689"]
[BlackElo "2750"]
[Annotator "ChessBase"]
[PlyCount "138"]
[EventDate "2022.07.10"]
[EventType "tourn"]
[EventCountry "NET"]
[SourceTitle "playchess.com"]
[Source "ChessBase"]
[SourceQuality "1"]
[TimeControl "40/5400+30:1800+30"]

1. Nf3 d5 2. d4 Nf6 3. c4 e6 4. g3 Bb4+ 5. Bd2 a5 6. Bg2 O-O 7. a3 Be7 8. Qc2 c6 9. O-O Nbd7 10. Bg5 b6 11. Nbd2 Ba6 12. Rac1 Rc8 13. Rfd1 h6 14. Bxf6 Nxf6 15. e4 Qd7 16. e5 Nh7 17. c5 Qb7 18. h4 Rc7 19. b4 axb4 20. axb4 Rb8 21. Ra1 Nf8 22. Bf1 Bxf1 23. Nxf1 Bd8 24. Ne3 Qc8 25. Kg2 Rcb7 26. Ra2 Ng6 27. h5 Ne7 28. g4 bxc5 29. bxc5 Rb3 30. Rd3 R3b4 31. Rda3 g5 32. Qd2 Kg7 33. Qc3 Qd7 34. Nc2 R4b7 35. Nfe1 Nc8 36. Ra8 Rb3 37. Qa1 Bc7 38. Qc1 Rb1 39. Qd2 R8b7 40. f4 Bd8 41. Nf3 gxf4 42. Qxf4 R1b2 43. g5 hxg5 44. Nxg5 Rxa2 45. Rxa2 Qe7 46. Ra3 Qxg5+ 47. Rg3 Kh6 48. Rxg5 Bxg5 49. Qf3 Rb2 50. Qc3 Rb8 51. Qa5 Ne7 52. Nb4 Kxh5 53. Qa4 Nf5 54. Nxc6 Rb2+ 55. Kh3 Bf4 56. Qd1+ Kh6 57. Qg1 Rb3+ 58. Kg4 Rg3+ 59. Qxg3 Bxg3 60. Nd8 Kg7 61. c6 Bf2 62. c7 Ne7 63. Nc6 Nc8 64. Kf3 Bh4 65. Ke2 Kf8 66. Kd2 Ke8 67. Nb8 Bf2 68. Kc3 Be1+ 69. Kb3 Ba5 0-1

[Event "FTX Road to Miami Prelims 2022"]
[Site "Online"]
[Date "2022.07.04"]
[Round "9.3"]
[White "Ju, Wenjun"]
[Black "Dominguez Perez, Leinier"]
[Result "0-1"]
[ECO "D27"]
[WhiteElo "2560"]
[BlackElo "2754"]
[Annotator "ChessBase"]
[PlyCount "120"]
[EventDate "2022.07.10"]
[EventType "tourn"]
[EventCountry "NET"]
[SourceTitle "playchess.com"]
[Source "ChessBase"]
[SourceQuality "1"]
[TimeControl "40/5400+30:1800+30"]

1. d4 d5 2. c4 dxc4 3. Nf3 Nf6 4. e3 e6 5. Bxc4 a6 6. O-O c5 7. b3 b5 8. Be2 Nbd7 9. Bb2 Bb7 10. a4 b4 11. Nbd2 Be7 12. Rc1 Rc8 13. Nc4 O-O 14. Nfe5 cxd4 15. Nxd7 Nxd7 16. Bxd4 a5 17. Qc2 Bc5 18. Rfd1 Qg5 19. Bf1 Bxd4 20. h4 Qe7 21. Rxd4 e5 22. Rdd1 Rc5 23. Qd2 Bd5 24. e4 Be6 25. Qg5 Qxg5 26. hxg5 Rfc8 27. Rd6 Kf8 28. Rcd1 Ke7 29. Ra6 Nb8 30. Ra7+ R8c7 31. Rxc7+ Rxc7 32. Nxa5 Rc3 33. Bc4 Bxc4 34. Nxc4 Rxb3 35. Nxe5 Rc3 36. Rd5 b3 37. Rb5 Na6 38. a5 Nc5 39. Nc6+ Kd6 40. Nd4 Rd3 41. Rb6+ Kd7 42. Nf3 Kc7 43. Ne5 Rc3 44. Kh2 Na4 45. Rb4 Nc5 46. Nxf7 Nd3 47. Rb5 b2 48. a6 Ra3 49. Rb7+ Kc6 50. Nd8+ Kd6 51. e5+ Kxe5 52. a7 Kd5 53. Rd7+ Kc4 54. Rc7+ Nc5 55. Ne6 b1=Q 56. Rxc5+ Kb4 57. Rc8 Qe4 58. Rb8+ Kc3 59. Rc8+ Kb2 60. Rb8+ Ka2 0-1

[Event "FTX Road to Miami Prelims 2022"]
[Site "Online"]
[Date "2022.07.04"]
[Round "9.4"]
[White "Giri, Anish"]
[Black "Wei, Yi"]
[Result "1/2-1/2"]
[ECO "B90"]
[WhiteElo "2760"]
[BlackElo "2727"]
[Annotator "ChessBase"]
[PlyCount "61"]
[EventDate "2022.07.10"]
[EventType "tourn"]
[EventCountry "NET"]
[SourceTitle "playchess.com"]
[Source "ChessBase"]
[SourceQuality "1"]
[TimeControl "40/5400+30:1800+30"]

1. e4 c5 2. Nf3 d6 3. d4 cxd4 4. Nxd4 Nf6 5. Nc3 a6 6. h3 e5 7. Nf3 Be7 8. g4 h6 9. Rg1 Nc6 10. g5 hxg5 11. Nxg5 Be6 12. Nxe6 fxe6 13. Rxg7 Qb6 14. a4 Qb4 15. a5 Nxe4 16. Ra4 Nxc3 17. Rxb4 Nxd1 18. Rxb7 Nxb2 19. Bxb2 Kf8 20. Rg3 Nxa5 21. Rc7 Rb8 22. Bxa6 Bd8 23. Rc8 Rxc8 24. Bxc8 Nc4 25. Bc1 Kf7 26. Ba6 Nb6 27. Rf3+ Bf6 28. Rb3 Bd8 29. Rf3+ Bf6 30. Rb3 Bd8 31. Rf3+ 1/2-1/2

[Event "FTX Road to Miami Prelims 2022"]
[Site "Online"]
[Date "2022.07.04"]
[Round "9.5"]
[White "Xiong, Jeffery"]
[Black "Shankland, Sam"]
[Result "1/2-1/2"]
[ECO "D45"]
[WhiteElo "2691"]
[BlackElo "2720"]
[Annotator "ChessBase"]
[PlyCount "122"]
[EventDate "2022.07.10"]
[EventType "tourn"]
[EventCountry "NET"]
[SourceTitle "playchess.com"]
[Source "ChessBase"]
[SourceQuality "1"]
[TimeControl "40/5400+30:1800+30"]

1. d4 d5 2. c4 e6 3. Nc3 c6 4. e3 Nf6 5. Nf3 Nbd7 6. Qc2 Bd6 7. b3 O-O 8. Be2 b6 9. O-O Bb7 10. Bb2 Qe7 11. Rad1 Rad8 12. Rfe1 Rfe8 13. Bf1 Nf8 14. g3 Bb4 15. a3 Bxc3 16. Qxc3 dxc4 17. Qxc4 c5 18. Ne5 cxd4 19. Bxd4 Rc8 20. Qa4 Ng6 21. Qxa7 Nxe5 22. Bxe5 Ng4 23. Ba1 Rc2 24. Re2 Qc7 25. Qa4 Qc6 26. Qxc6 Rxc6 27. Red2 Rcc8 28. h3 Nf6 29. Bxf6 gxf6 30. Bg2 Bxg2 31. Kxg2 b5 32. Rd4 Rc5 33. Rg4+ Kf8 34. Rd7 Ra8 35. a4 bxa4 36. Rxa4 Rxa4 37. bxa4 Rc2 38. g4 Ra2 39. Ra7 Kg7 40. Kg3 Kg6 41. h4 f5 42. gxf5+ exf5 43. f3 Re2 44. Kf4 Rh2 45. Kg3 Re2 46. Kf4 Rh2 47. Ra6+ f6 48. Kg3 Re2 49. h5+ Kxh5 50. Rxf6 Rxe3 51. Kf4 Ra3 52. Ra6 Rb3 53. a5 Ra3 54. Ra8 Kg6 55. Rg8+ Kf7 56. Ra8 Kg6 57. Ra6+ Kf7 58. Ra7+ Kf6 59. Ra6+ Kf7 60. Ra7+ Kf6 61. Ra6+ Kf7 1/2-1/2

[Event "FTX Road to Miami Prelims 2022"]
[Site "Online"]
[Date "2022.07.04"]
[Round "9.6"]
[White "Tari, Aryan"]
[Black "Wojtaszek, Radoslaw"]
[Result "1-0"]
[ECO "B50"]
[WhiteElo "2672"]
[BlackElo "2708"]
[Annotator "ChessBase"]
[PlyCount "121"]
[EventDate "2022.07.10"]
[EventType "tourn"]
[EventCountry "NET"]
[SourceTitle "playchess.com"]
[Source "ChessBase"]
[SourceQuality "1"]
[TimeControl "40/5400+30:1800+30"]

1. e4 c5 2. Nf3 d6 3. Nc3 a6 4. a4 Nf6 5. h3 Nc6 6. d4 cxd4 7. Nxd4 e5 8. Nxc6 bxc6 9. a5 Be7 10. Bd3 O-O 11. O-O d5 12. Qe2 d4 13. Nb1 Bb4 14. Bd2 Qe7 15. Bxb4 Qxb4 16. Nd2 Be6 17. Nf3 Nd7 18. c3 dxc3 19. bxc3 Qb7 20. Rfb1 Qc7 21. Ng5 Nc5 22. Rb6 Bc8 23. Bc4 h6 24. Nf3 Rd8 25. Qe3 Nd7 26. Rxc6 Qxc6 27. Bd5 Qc5 28. Bxa8 Qxe3 29. fxe3 Kf8 30. Bc6 Ke7 31. Rb1 f6 32. Nh4 Nc5 33. Bd5 Rd7 34. Nf5+ Kd8 35. c4 h5 36. Rb6 Na4 37. Rb8 Kc7 38. Ra8 g6 39. Ng7 Nc5 40. Ne8+ Kd8 41. Nxf6 Rc7 42. Kf2 Ke7 43. Ng8+ Kd6 44. Nh6 Be6 45. g4 h4 46. Kf3 Rh7 47. g5 Bxh3 48. Nf7+ Kc7 49. Nxe5 Bc8 50. Ra7+ Bb7 51. Bxb7 Nxb7 52. Kg2 Re7 53. Nxg6 Rxe4 54. Nf4 Kb8 55. Rxa6 Rxe3 56. g6 Rg3+ 57. Kh2 Nc5 58. Rb6+ Kc7 59. Nd5+ Kd7 60. a6 Nd3 61. Rb3 1-0

[Event "FTX Road to Miami Prelims 2022"]
[Site "Online"]
[Date "2022.07.04"]
[Round "9.7"]
[White "Sevian, Samuel"]
[Black "Rapport, Richard"]
[Result "1/2-1/2"]
[ECO "B60"]
[WhiteElo "2684"]
[BlackElo "2764"]
[Annotator "ChessBase"]
[PlyCount "73"]
[EventDate "2022.07.10"]
[EventType "tourn"]
[EventCountry "NET"]
[SourceTitle "playchess.com"]
[Source "ChessBase"]
[SourceQuality "1"]
[TimeControl "40/5400+30:1800+30"]

1. e4 c5 2. Nf3 d6 3. d4 cxd4 4. Nxd4 Nf6 5. Nc3 Nc6 6. Bg5 Bd7 7. Nxc6 bxc6 8. Bc4 Qa5 9. Bd2 Qc7 10. Qe2 g6 11. f4 Bg4 12. Qf2 Bg7 13. h3 Bc8 14. Bb3 a5 15. O-O a4 16. Bc4 O-O 17. Rae1 Nd7 18. b3 axb3 19. axb3 Ba6 20. Bxa6 Rxa6 21. Na4 c5 22. Bc3 Bd4 23. Bxd4 cxd4 24. Qxd4 Qxc2 25. Nc3 Qxb3 26. Nd5 e5 27. fxe5 Nxe5 28. Qf2 h5 29. Qf4 Ra5 30. Nf6+ Kg7 31. Nxh5+ gxh5 32. Qg5+ Kh7 33. Qxh5+ Kg7 34. Qg5+ Kh7 35. Qh5+ Kg7 36. Qg5+ Kh7 37. Qh5+ 1/2-1/2

[Event "FTX Road to Miami Prelims 2022"]
[Site "Online"]
[Date "2022.07.04"]
[Round "10.2"]
[White "Rapport, Richard"]
[Black "Aronian, Levon"]
[Result "1/2-1/2"]
[ECO "B23"]
[WhiteElo "2764"]
[BlackElo "2775"]
[Annotator "ChessBase"]
[PlyCount "126"]
[EventDate "2022.07.10"]
[EventType "tourn"]
[EventCountry "NET"]
[SourceTitle "playchess.com"]
[Source "ChessBase"]
[SourceQuality "1"]
[TimeControl "40/5400+30:1800+30"]

1. e4 c5 2. Nc3 a6 3. g4 b5 4. Bg2 Bb7 5. d3 b4 6. Nce2 d5 7. Ng3 e6 8. Nh3 Bd6 9. O-O Ne7 10. f4 O-O 11. f5 Nd7 12. g5 Bxg3 13. hxg3 dxe4 14. f6 Ng6 15. fxg7 Kxg7 16. Nf2 Qc7 17. Nxe4 Bxe4 18. Bxe4 Qxg3+ 19. Kh1 Qh3+ 20. Kg1 Rad8 21. Bg2 Qh4 22. Rf3 f5 23. gxf6+ Rxf6 24. Rh3 Qf2+ 25. Kh1 Nf4 26. Bxf4 Qxf4 27. Qh5 Rh6 28. Qxh6+ Qxh6 29. Rxh6 Kxh6 30. Re1 e5 31. Bh3 Kg7 32. Bxd7 Rxd7 33. Rxe5 c4 34. dxc4 Rd1+ 35. Kg2 Rd2+ 36. Kf3 Rxc2 37. Re7+ Kf6 38. Rxh7 Rxb2 39. Rh6+ Ke5 40. Rxa6 Kd4 41. Ra4 Kxc4 42. Ra8 Rh2 43. Ke3 Kc3 44. Rc8+ Kb2 45. Ra8 Rh3+ 46. Kd4 Ra3 47. Rb8 Ra4 48. Kd3 Kxa2 49. Kc2 Ka3 50. Kb1 Ra6 51. Rh8 Rc6 52. Rh2 Rc3 53. Ra2+ Kb3 54. Rb2+ Kc4 55. Rh2 Kb3 56. Rb2+ Ka4 57. Ra2+ Ra3 58. Kb2 Rxa2+ 59. Kxa2 b3+ 60. Kb2 Kb4 61. Kb1 Kc3 62. Kc1 b2+ 63. Kb1 Kb3 1/2-1/2

[Event "FTX Road to Miami Prelims 2022"]
[Site "Online"]
[Date "2022.07.04"]
[Round "10.3"]
[White "Wojtaszek, Radoslaw"]
[Black "Sevian, Samuel"]
[Result "1/2-1/2"]
[ECO "D02"]
[WhiteElo "2708"]
[BlackElo "2684"]
[Annotator "ChessBase"]
[PlyCount "93"]
[EventDate "2022.07.10"]
[EventType "tourn"]
[EventCountry "NET"]
[SourceTitle "playchess.com"]
[Source "ChessBase"]
[SourceQuality "1"]
[TimeControl "40/5400+30:1800+30"]

1. Nf3 d5 2. g3 Nf6 3. Bg2 c5 4. O-O Nc6 5. d4 e6 6. b3 cxd4 7. Nxd4 Bc5 8. Nxc6 bxc6 9. c4 O-O 10. Nc3 Qe7 11. Qc2 Bb7 12. Bg5 Rac8 13. Na4 Bd6 14. Rac1 h6 15. Be3 Ba6 16. Rfe1 Rfd8 17. Bd2 d4 18. e4 e5 19. c5 Bc7 20. Nb2 Nd7 21. Bf1 Bxf1 22. Rxf1 a5 23. Nd3 Rb8 24. Qc4 Nf8 25. a3 h5 26. h4 Ne6 27. b4 axb4 28. axb4 Qf6 29. Kg2 Qg6 30. Rce1 Ra8 31. Kh2 Ra3 32. f3 Rda8 33. Re2 Qf6 34. Kg2 Qg6 35. Kh2 Qf6 36. Kg2 Qd8 37. Rb1 R8a4 38. Rb3 Ra1 39. Re1 R1a2 40. Rb2 R2a3 41. Rb3 Ra2 42. Rb2 Qa8 43. Reb1 R2a3 44. Rb3 Ra2 45. R3b2 R2a3 46. Rb3 Ra2 47. R3b2 1/2-1/2

[Event "FTX Road to Miami Prelims 2022"]
[Site "Online"]
[Date "2022.07.04"]
[Round "10.4"]
[White "Shankland, Sam"]
[Black "Tari, Aryan"]
[Result "1-0"]
[ECO "A21"]
[WhiteElo "2720"]
[BlackElo "2672"]
[Annotator "ChessBase"]
[PlyCount "55"]
[EventDate "2022.07.10"]
[EventType "tourn"]
[EventCountry "NET"]
[SourceTitle "playchess.com"]
[Source "ChessBase"]
[SourceQuality "1"]
[TimeControl "40/5400+30:1800+30"]

1. c4 e5 2. g3 Be7 3. Nc3 f5 4. d4 d6 5. Bh3 e4 6. f3 Nf6 7. Bg2 exf3 8. Nxf3 O-O 9. O-O c6 10. d5 Ng4 11. Nd4 Qb6 12. h3 Bf6 13. e3 Ne5 14. b3 Na6 15. Bd2 g6 16. dxc6 bxc6 17. Nd5 Qd8 18. Nxc6 Nxc6 19. Nxf6+ Qxf6 20. Bxc6 Rb8 21. Rc1 Nb4 22. Bg2 Nxa2 23. Rc2 Nb4 24. Bc3 Qe7 25. Qd4 Qe5 26. Qxa7 Rb7 27. Bxb7 Qxg3+ 28. Rg2 1-0

[Event "FTX Road to Miami Prelims 2022"]
[Site "Online"]
[Date "2022.07.04"]
[Round "10.5"]
[White "Wei, Yi"]
[Black "Xiong, Jeffery"]
[Result "1/2-1/2"]
[ECO "C65"]
[WhiteElo "2727"]
[BlackElo "2691"]
[Annotator "ChessBase"]
[PlyCount "105"]
[EventDate "2022.07.10"]
[EventType "tourn"]
[EventCountry "NET"]
[SourceTitle "playchess.com"]
[Source "ChessBase"]
[SourceQuality "1"]
[TimeControl "40/5400+30:1800+30"]

1. e4 e5 2. Nf3 Nc6 3. Bb5 Nf6 4. d3 Bc5 5. Bxc6 dxc6 6. Nbd2 Nd7 7. Nc4 O-O 8. O-O Re8 9. Bd2 Bd6 10. Kh1 Nf8 11. Ne3 c5 12. Bc3 b6 13. g3 Ng6 14. Nd2 Qg5 15. Ndc4 Bb7 16. f4 exf4 17. Nxd6 cxd6 18. gxf4 Qd8 19. Qh5 d5 20. Nxd5 Bxd5 21. exd5 Ne7 22. Rg1 g6 23. Rg5 Qd6 24. Rag1 f6 25. Qh6 Rf8 26. f5 Qxd5+ 27. R1g2 Qf3 28. fxg6 Qf1+ 29. Rg1 Qf3+ 30. R1g2 Qf1+ 31. Rg1 Qf3+ 32. R5g2 Nxg6 33. Qd2 Rae8 34. Qf2 Qd5 35. h3 Re6 36. Kh2 Rfe8 37. Rf1 Qd6+ 38. Qg3 Qxg3+ 39. Kxg3 Rf8 40. Rgf2 Re3+ 41. Kh2 f5 42. Rxf5 Rxf5 43. Rxf5 Re2+ 44. Kg3 Rxc2 45. Rd5 Re2 46. Rd7 Re7 47. Rxe7 Nxe7 48. Kf4 Kf7 49. Ke5 Ng6+ 50. Kf5 Ne7+ 51. Ke5 Ng6+ 52. Kf5 Ne7+ 53. Ke5 1/2-1/2

[Event "FTX Road to Miami Prelims 2022"]
[Site "Online"]
[Date "2022.07.04"]
[Round "10.6"]
[White "Dominguez Perez, Leinier"]
[Black "Giri, Anish"]
[Result "1/2-1/2"]
[ECO "B90"]
[WhiteElo "2754"]
[BlackElo "2760"]
[Annotator "ChessBase"]
[PlyCount "83"]
[EventDate "2022.07.10"]
[EventType "tourn"]
[EventCountry "NET"]
[SourceTitle "playchess.com"]
[Source "ChessBase"]
[SourceQuality "1"]
[TimeControl "40/5400+30:1800+30"]

1. e4 c5 2. Nf3 d6 3. d4 cxd4 4. Nxd4 Nf6 5. Nc3 a6 6. a4 e5 7. Nf3 Be7 8. Bg5 Be6 9. Bxf6 Bxf6 10. Nd5 Nd7 11. Bc4 Rc8 12. Qe2 Nb6 13. Nxb6 Qxb6 14. Bxe6 Qxb2 15. Bxc8 Qxa1+ 16. Qd1 Qc3+ 17. Qd2 Qxc8 18. Qxd6 Qc3+ 19. Kd1 Qa1+ 20. Ke2 Qxh1 21. Qb8+ Bd8 22. Qxe5+ Kd7 23. Qxg7 Re8 24. Qxf7+ Re7 25. Ne5+ Kc8 26. Qc4+ Rc7 27. Qe6+ Kb8 28. Qd6 Ka7 29. Qd4+ b6 30. Qxd8 Rxc2+ 31. Kf3 Rc3+ 32. Kf4 Qxh2+ 33. Kf5 Qh5+ 34. Ke6 Qh6+ 35. Kf5 Qh5+ 36. Ke6 Qh6+ 37. Kf5 Qg7 38. Nd7 Qf7+ 39. Ke5 Qg7+ 40. Kf5 Qf7+ 41. Ke5 Qg7+ 42. Kf5 1/2-1/2

[Event "FTX Road to Miami Prelims 2022"]
[Site "Online"]
[Date "2022.07.04"]
[Round "10.7"]
[White "Duda, Jan-Krzysztof"]
[Black "Ju, Wenjun"]
[Result "1-0"]
[ECO "C67"]
[WhiteElo "2750"]
[BlackElo "2560"]
[Annotator "ChessBase"]
[PlyCount "75"]
[EventDate "2022.07.10"]
[EventType "tourn"]
[EventCountry "NET"]
[SourceTitle "playchess.com"]
[Source "ChessBase"]
[SourceQuality "1"]
[TimeControl "40/5400+30:1800+30"]

1. e4 e5 2. Nf3 Nc6 3. Bb5 Nf6 4. O-O Nxe4 5. d4 Nd6 6. Bxc6 dxc6 7. dxe5 Nf5 8. Qxd8+ Kxd8 9. h3 h5 10. Nc3 Ke8 11. Ne4 Be6 12. Re1 Be7 13. Neg5 Bd5 14. Bf4 Bxg5 15. Nxg5 Nd4 16. Rad1 Nxc2 17. Re2 Nb4 18. e6 Bxe6 19. Nxe6 fxe6 20. Rxe6+ Kf7 21. Re4 Nd5 22. Bxc7 Rhe8 23. Be5 Rad8 24. Rde1 g5 25. f3 Nf6 26. R4e2 Rd5 27. Kh2 h4 28. f4 g4 29. hxg4 Nxg4+ 30. Kh3 Nxe5 31. fxe5 Rh8 32. e6+ Ke7 33. Rf1 Rh7 34. Rf3 Rd6 35. Rb3 b6 36. Rc3 Rh6 37. Ra3 a5 38. b4 1-0

[Event "FTX Road to Miami Prelims 2022"]
[Site "Online"]
[Date "2022.07.04"]
[Round "10.8"]
[White "Mamedyarov, Shakhriyar"]
[Black "Erigaisi Arjun"]
[Result "0-1"]
[ECO "D38"]
[WhiteElo "2759"]
[BlackElo "2689"]
[Annotator "ChessBase"]
[PlyCount "72"]
[EventDate "2022.07.10"]
[EventType "tourn"]
[EventCountry "NET"]
[SourceTitle "playchess.com"]
[Source "ChessBase"]
[SourceQuality "1"]
[TimeControl "40/5400+30:1800+30"]

1. d4 Nf6 2. c4 e6 3. Nf3 d5 4. Nc3 Bb4 5. Bg5 h6 6. Bxf6 Qxf6 7. e3 O-O 8. Rc1 dxc4 9. Bxc4 c5 10. O-O cxd4 11. Ne4 Qe7 12. a3 Ba5 13. exd4 Rd8 14. Ba2 Bd7 15. b4 Bb6 16. Re1 Bc6 17. Qc2 Na6 18. h4 Nc7 19. Bb1 Nb5 20. Nc3 g6 21. Nxb5 Bxf3 22. gxf3 Qxh4 23. Nc3 Bxd4 24. Ne4 Qh3 25. Rcd1 Rd5 26. Rxd4 Rxd4 27. Qc5 Rad8 28. Nf6+ Kg7 29. Ne8+ Kg8 30. Nf6+ Kg7 31. Qe5 Qh4 32. Nh5+ Kf8 33. Qg7+ Ke7 34. Ng3 Rd1 35. Qe5 Qd4 36. Qxd4 Rxe1+ 0-1

[Event "FTX Road to Miami Prelims 2022"]
[Site "Online"]
[Date "2022.07.04"]
[Round "11.1"]
[White "Erigaisi Arjun"]
[Black "Niemann, Hans Moke"]
[Result "1-0"]
[ECO "C67"]
[WhiteElo "2689"]
[BlackElo "2688"]
[Annotator "ChessBase"]
[PlyCount "91"]
[EventDate "2022.07.10"]
[EventType "tourn"]
[EventCountry "NET"]
[SourceTitle "playchess.com"]
[Source "ChessBase"]
[SourceQuality "1"]
[TimeControl "40/5400+30:1800+30"]

1. e4 e5 2. Nf3 Nc6 3. Bb5 Nf6 4. O-O Nxe4 5. Re1 Nd6 6. Nxe5 Be7 7. Bf1 Nxe5 8. Rxe5 O-O 9. d4 Bf6 10. Re1 Re8 11. c3 Rxe1 12. Qxe1 Ne8 13. Bf4 d5 14. Bd3 g6 15. Nd2 Ng7 16. Nf3 Bf5 17. Qd2 Bxd3 18. Qxd3 c6 19. Re1 Qd7 20. Be5 Bxe5 21. Rxe5 Re8 22. Kf1 f6 23. Rxe8+ Nxe8 24. h3 Nd6 25. Nd2 Qe6 26. Qe2 Kf7 27. Qxe6+ Kxe6 28. Ke2 h5 29. g4 hxg4 30. hxg4 f5 31. gxf5+ Kxf5 32. Kf3 g5 33. a4 a5 34. Kg3 b5 35. b3 Nc8 36. Kf3 Nb6 37. b4 bxa4 38. bxa5 Nc8 39. Nb1 Na7 40. a6 g4+ 41. Kg3 Ke4 42. Kxg4 Kd3 43. f4 Kc2 44. Na3+ Kb3 45. f5 Kxa3 46. f6 1-0

[Event "FTX Road to Miami Prelims 2022"]
[Site "Online"]
[Date "2022.07.04"]
[Round "11.2"]
[White "Ju, Wenjun"]
[Black "Mamedyarov, Shakhriyar"]
[Result "0-1"]
[ECO "D38"]
[WhiteElo "2560"]
[BlackElo "2759"]
[Annotator "ChessBase"]
[PlyCount "48"]
[EventDate "2022.07.10"]
[EventType "tourn"]
[EventCountry "NET"]
[SourceTitle "playchess.com"]
[Source "ChessBase"]
[SourceQuality "1"]
[TimeControl "40/5400+30:1800+30"]

1. d4 Nf6 2. c4 e6 3. Nf3 d5 4. Nc3 Bb4 5. Qa4+ Nc6 6. e3 O-O 7. Bd2 dxc4 8. Bxc4 Bd6 9. Qc2 e5 10. dxe5 Nxe5 11. Nxe5 Bxe5 12. f4 Bd6 13. O-O c6 14. Rae1 Qe7 15. Kh1 Bc5 16. Na4 Ne4 17. Nxc5 Nxd2 18. Qxd2 Qxc5 19. Bb3 Be6 20. Bxe6 fxe6 21. Rd1 e5 22. f5 e4 23. Qd7 Qxe3 24. Qxb7 Qb6 0-1

[Event "FTX Road to Miami Prelims 2022"]
[Site "Online"]
[Date "2022.07.04"]
[Round "11.3"]
[White "Giri, Anish"]
[Black "Duda, Jan-Krzysztof"]
[Result "1/2-1/2"]
[ECO "C67"]
[WhiteElo "2760"]
[BlackElo "2750"]
[Annotator "ChessBase"]
[PlyCount "127"]
[EventDate "2022.07.10"]
[EventType "tourn"]
[EventCountry "NET"]
[SourceTitle "playchess.com"]
[Source "ChessBase"]
[SourceQuality "1"]
[TimeControl "40/5400+30:1800+30"]

1. e4 e5 2. Nf3 Nc6 3. Bb5 Nf6 4. O-O Nxe4 5. Re1 Nd6 6. Nxe5 Be7 7. Bf1 Nxe5 8. Rxe5 O-O 9. Nc3 Ne8 10. Nd5 Bd6 11. Re1 c6 12. Ne3 Be7 13. c4 Nc7 14. d4 d5 15. cxd5 Nxd5 16. Nxd5 cxd5 17. Qb3 Bf6 18. Be3 Re8 19. Rac1 Re6 20. Rc5 Rb6 21. Rxd5 Rxb3 22. Rxd8+ Bxd8 23. axb3 Bd7 24. g3 Rc8 25. Bg2 b6 26. Be4 h6 27. f3 Kf8 28. Kf2 Be7 29. Rc1 Rxc1 30. Bxc1 Bf6 31. Ke3 Be6 32. b4 Bc4 33. Bc6 Bg5+ 34. f4 Bf6 35. b5 Be7 36. Ke4 Bd6 37. Bd2 Ke7 38. g4 Be2 39. h3 Ke6 40. Bc3 f6 41. Ke3 Bf1 42. h4 Kf7 43. b3 Ke7 44. Kf3 Bd3 45. Bd2 Ke6 46. d5+ Ke7 47. g5 h5 48. Bc3 Bc2 49. b4 Bd1+ 50. Ke3 Bc2 51. Kf3 Bf5 52. Ke3 Kf7 53. Kf3 Bh3 54. gxf6 gxf6 55. Ke3 Bg4 56. Bd2 Be7 57. Be1 Bd6 58. Bc3 Bf5 59. Be1 Ke7 60. Bc3 Bg6 61. Kf3 Bf5 62. Ke3 Bg6 63. Kf3 Bf5 64. Ke3 1/2-1/2